 Dungeon Crawl Stone Soup version 0.23.0-38-g208d714 (webtiles) character file.

Game seed: 14046105876210208206

188 Borgoz the Sneak (level 6, -2/34 HPs)
             Began as a Kobold Enchanter on Feb 27, 2019.
             Slain by an orc wizard
             ... wielding a +0 dagger
              (3 damage)
             ... on level 4 of the Dungeon.
             The game lasted 00:07:36 (4316 turns).

Borgoz the Sneak (Kobold Enchanter)                 Turns: 4316, Time: 00:07:36

Health: -2/34      AC:  2    Str:  7    XL:     6   Next: 0%
Magic:  4/10       EV: 16    Int: 17    God:
Gold:   160        SH:  0    Dex: 15    Spells: 7/10 levels left

rFire    . . .     SeeInvis .   a - +1 dagger
rCold    . . .     Gourm    .   (shield restricted)
rNeg     . . .     Faith    .   c - +0 robe
rPois    .         Spirit   .   (no helmet)
rElec    .         Reflect  .   (no cloak)
rCorr    .         Harm     .   (no gloves)
MR       .....                  (no boots)
Stlth    +++.......             (no amulet)
HPRegen  0.11/turn              (no ring)
MPRegen  0.12/turn              (no ring)

@: very slightly contaminated
A: small, carnivore
a: no special abilities


You were on level 4 of the Dungeon.
You were very full.

You visited 1 branch of the dungeon, and saw 5 of its levels.

You collected 160 gold pieces.

Inventory:

Hand Weapons
 a - a +1 dagger (weapon)
 b - a +0 blowgun
Missiles
 e - a throwing net (quivered)
 m - 29 poisoned needles
Armour
 c - a +0 robe (worn)
Jewellery
 l - an uncursed ring of ice
Wands
 i - a wand of paralysis (13)
Scrolls
 f - a scroll of enchant armour {unknown}
 k - a scroll of identify {unknown}
Potions
 h - 2 potions of cancellation {unknown}
 j - a potion of flight
Comestibles
 d - 3 rations


   Skills:
 + Level 1.3 Fighting
 * Level 3.3 Short Blades
 + Level 1.1 Armour
 * Level 3.7 Dodging
 + Level 4.6 Stealth
 + Level 2.7 Spellcasting
 * Level 3.8 Hexes


You had 7 spell levels left.
You knew the following spells:

 Your Spells              Type           Power        Failure   Level  Hunger
a - Corona                Hex            ###....      3%          1    #......
b - Ensorcelled Hibernat  Hex/Ice        #.....       12%         2    ##.....

Your spell library contained the following spells:

 Spells                   Type           Power        Failure   Level  Hunger
 Confuse                  Hex            ###.....     11%         3    ###....
 Tukima's Dance           Hex            ###.....     11%         3    ###....
 Dazzling Spray           Conj/Hex       #.....       24%         3    ###....


Dungeon Overview and Level Annotations

Branches:
Dungeon (5/15)
 Temple: D:4-7

Altars:
Ashenzari
Qazlal
Wu Jian

Annotations:
D:5 Menkaure, Prince Ribbit


Innate Abilities, Weirdness & Mutations

You are small and have problems with some larger weapons.
You are carnivorous and can eat meat at any time.


Message History

A puff of flame appears from out of thin air!
The puff of flame hits you!
You miss something. You barely miss something. Something barely misses you.
You hit something. Something barely misses you.
You miss something. Something hits you.
You closely miss something. Something closely misses you.
You closely miss something. Something hits you.
You completely miss something. Something hits you but does no damage.
You hit something. You hit something but do no damage.
Something hits you but does no damage.
You hit something. Something barely misses you.
You miss something. Something hits you but does no damage.
You miss something.
You hear some strange, mumbled words.
A puff of flame appears from out of thin air!
The puff of flame hits you!
* * * LOW HITPOINT WARNING * * *
You closely miss something. Something hits you.
You die...

....[.............
#.....o...........
.................
#...........$....
##.............
##### ##...........#
###...###
##o###.!....#
###.......####{##
####.##
##...........###@# #
...............#.#
.................###
...................#
...<..>...........##
#.................#
##...............##
##..........#####
###########


You could see an orc priest (wandering) and an orc.

Vanquished Creatures
  A hound (D:4)
  2 gnolls (D:2)
  5 adders
  2 oozes
  An adder skeleton (D:5)
  A dart slug (D:2)
  A leopard gecko (D:2)
  9 orcs
  2 giant cockroaches (D:1)
  6 goblins
  6 hobgoblins
  4 jackals (D:1)
  4 quokkas
  A ball python (D:3)
  8 bats
  3 frilled lizards
  8 kobolds
  A quokka skeleton (D:5)
  9 rats
74 creatures vanquished.

Notes
Turn   | Place    | Note
-------+----------+-------------------------------------------
     0 | D:1      | Borgoz the Kobold Enchanter began the quest for the Orb.
     0 | D:1      | Reached XP level 1. HP: 10/10 MP: 3/3
   293 | D:1      | Reached XP level 2. HP: 15/15 MP: 5/5
   317 | D:1      | Learned a level 2 spell: Ensorcelled Hibernation
   736 | D:1      | Reached XP level 3. HP: 18/20 MP: 4/6
  1610 | D:2      | Reached XP level 4. HP: 24/24 MP: 4/7
  1755 | D:2      | Reached skill level 1 in Fighting
  2651 | D:3      | Found a stormy altar of Qazlal.
  3057 | D:3      | You fall through a shaft for 2 floors!
  3057 | D:5      | Entered Level 5 of the Dungeon
  3268 | D:5      | Noticed Prince Ribbit
  3271 | D:5      | Reached XP level 5. HP: 29/29 MP: 8/8
  3275 | D:5      | Noticed Menkaure
  3296 | D:4      | Found an ornate altar of the Wu Jian Council.
  3297 | D:4      | Reached skill level 1 in Armour
  3322 | D:3      | Found a shattered altar of Ashenzari.
  4296 | D:4      | Reached XP level 6. HP: 27/34 MP: 2/10
  4315 | D:4      | HP: 1/34 [something/puff of flame (11)]
  4316 | D:4      | Slain by an orc wizard

Skill      XL: |  1  2  3  4  5 |
---------------+----------------+-----
Short Blades   | 2 3 |  3.3
Dodging        | 3 |  3.7
Fighting       | 1 |  1.3
Armour         | 1 |  1.1
Stealth        | |  4.6
Spellcasting   | |  2.7
Hexes          | |  3.8

Action                   |  1- 3 |  4- 6 || total
-------------------------+-------+-------++-------
Melee: Dagger            |    79 |   184 ||   263
 Cast: Ensorcelled Hiber |    13 |    22 ||    35
       Corona            |       |     4 ||     4
  Use: Potion            |     2 |     1 ||     3
       Scroll            |     1 |     3 ||     4
 Stab: Sleeping          |    18 |    23 ||    41
  Eat: Chunk             |    11 |    10 ||    21
Armor: Robe              |     5 |    14 ||    19
Dodge: Dodged            |    53 |   144 ||   197
